General information
- name: BNet
- type: Ladder team game (AT/RT)
- host: Battle.net
- saver: BEAR_AND
map: SilverpineForest
- players: 6
- length: 39:59
- speed: Fast
- version: 1.21 W3XP
- replay type:

» download(313 KB)
Players
team 1 (winner)
BEAR_AND (
yellow | 95 APM | 3786 actions | 39:59)
4 Blademaster
2 Wind Walk
2 Critical Strike
» actions
| Assign group hotkey | 11 | |
| Basic commands | 5 | |
| Build / train | 96 | |
| Enter build submenu | 73 | |
| Enter hero's abilities submenu | 4 | |
| Give item / drop item | 22 | |
| Remove unit from queue | 8 | |
| Right click | 2308 | |
| Select / deselect | 402 | |
| Select group hotkey | 605 | |
| Use ability | 250 | |
3786 total
» units
» upgrades
| Spiked Barricades | 1 | |
| Ranged Weapons | 3 | |
| Liquid Fire | 1 | |
| Armor | 2 | |
7 total
» buildings
| Altar of Storms | 1 | |
| War Mill | 3 | |
| Orc Burrow | 6 | |
| Voodoo Lounge | 2 | |
| Watch Tower | 60 | |
| Stronghold | 1 | |
| Beastiary | 2 | |
| Fortress | 1 | |
| Great Hall | 1 | |
77 total
» build order
00:07 Altar of Storms
00:13 War Mill
00:18 Orc Burrow
01:19 Voodoo Lounge
01:48 Watch Tower
02:08 Watch Tower
02:26 Watch Tower
02:46 Watch Tower
03:33 Stronghold
04:14 Watch Tower
04:16 Watch Tower
04:19 Orc Burrow
05:00 Watch Tower
05:32 Watch Tower
05:47 Orc Burrow
06:01 Beastiary
06:04 Beastiary
06:30 Watch Tower
07:30 Watch Tower
07:38 Watch Tower
07:45 Watch Tower
07:45 Watch Tower
07:57 Orc Burrow
08:36 Watch Tower
09:05 Watch Tower
09:06 Watch Tower
09:38 Fortress
10:29 Great Hall
10:32 Watch Tower
10:38 Watch Tower
10:41 Watch Tower
10:52 Watch Tower
11:03 Watch Tower
11:44 Watch Tower
11:45 Watch Tower
11:46 Watch Tower
12:13 Watch Tower
12:23 Watch Tower
12:58 Watch Tower
14:09 Watch Tower
15:42 Watch Tower
16:46 Watch Tower
16:48 Watch Tower
16:50 Watch Tower
19:09 Watch Tower
19:10 Watch Tower
19:14 Watch Tower
19:14 Watch Tower
19:30 Voodoo Lounge
19:45 Watch Tower
19:46 Watch Tower
19:47 Watch Tower
19:47 Watch Tower
20:14 Watch Tower
20:16 Watch Tower
21:04 War Mill
21:17 Watch Tower
21:19 Watch Tower
22:30 Orc Burrow
22:33 Orc Burrow
23:35 Watch Tower
23:37 Watch Tower
25:13 Watch Tower
25:14 Watch Tower
25:16 Watch Tower
25:17 Watch Tower
27:33 Watch Tower
28:52 Watch Tower
30:21 Watch Tower
30:25 Watch Tower
33:30 Watch Tower
33:32 Watch Tower
33:33 Watch Tower
33:48 War Mill
36:47 Watch Tower
36:48 Watch Tower
36:49 Watch Tower
» items
| Healing Salve | 6 | |
| Lesser Clarity Potion | 14 | |
| Boots of Speed | 2 | |
| Staff of Teleportation | 1 | |
| Claws of Attack +12 | 2 | |
| Helm of Valor | 1 | |
| Scroll of Town Portal | 3 | |
| Orb of Lightning | 1 | |
30 total
iggy_the_fisk (
purple | 127 APM | 5086 actions | 39:57)
5 Mountain King
3 Storm Bolt
2 Bash
5 Pandaren Brewmaster
3 Breath of Fire
1 Drunken Haze
1 Drunken Brawler
3 Pit Lord
2 Rain of Fire
1 Cleaving Attack
» actions
| Assign group hotkey | 228 | |
| Basic commands | 3 | |
| Build / train | 211 | |
| Enter build submenu | 199 | |
| Enter hero's abilities submenu | 14 | |
| Give item / drop item | 7 | |
| Remove unit from queue | 3 | |
| Right click | 2185 | |
| Select / deselect | 611 | |
| Select group hotkey | 1235 | |
| Use ability | 390 | |
5086 total
» units
» upgrades
| Masonry | 3 | |
| Lumber Harvesting | 2 | |
| Magic Sentry | 1 | |
6 total
» buildings
| Altar of Kings | 1 | |
| Lumber Mill | 1 | |
| Farm | 4 | |
| Scout Tower | 187 | |
| Arcane Tower | 6 | |
| Guard Tower | 82 | |
| Arcane Vault | 3 | |
| Keep | 1 | |
| Town Hall | 4 | |
| Castle | 3 | |
| Arcane Sanctum | 1 | |
| Blacksmith | 1 | |
| Workshop | 1 | |
| Cannon Tower | 5 | |
300 total
» build order
00:09 Altar of Kings
00:21 Lumber Mill
00:27 Farm
00:59 Farm
01:12 Scout Tower
01:25 Scout Tower
01:42 Arcane Tower
01:44 Scout Tower
01:57 Scout Tower
02:00 Arcane Tower
02:02 Scout Tower
02:10 Guard Tower
02:20 Scout Tower
02:21 Scout Tower
02:30 Guard Tower
02:32 Scout Tower
02:34 Scout Tower
02:49 Arcane Vault
03:01 Guard Tower
03:08 Scout Tower
03:10 Guard Tower
03:14 Scout Tower
03:17 Guard Tower
03:38 Guard Tower
03:39 Scout Tower
03:41 Scout Tower
03:41 Guard Tower
03:50 Scout Tower
03:51 Scout Tower
03:52 Guard Tower
04:07 Scout Tower
04:08 Scout Tower
04:12 Guard Tower
04:21 Scout Tower
04:22 Scout Tower
04:30 Scout Tower
04:30 Scout Tower
04:51 Guard Tower
04:54 Scout Tower
04:55 Scout Tower
05:04 Guard Tower
05:25 Guard Tower
05:30 Guard Tower
05:36 Scout Tower
05:38 Scout Tower
05:44 Scout Tower
05:45 Guard Tower
05:46 Scout Tower
06:01 Guard Tower
06:04 Scout Tower
06:19 Keep
06:41 Guard Tower
06:44 Scout Tower
07:23 Guard Tower
07:26 Town Hall
07:30 Scout Tower
07:33 Guard Tower
07:34 Scout Tower
07:38 Guard Tower
07:40 Scout Tower
07:43 Scout Tower
07:44 Scout Tower
08:00 Guard Tower
08:04 Farm
08:12 Guard Tower
08:13 Scout Tower
08:15 Scout Tower
08:17 Scout Tower
08:45 Scout Tower
09:06 Guard Tower
09:08 Scout Tower
09:08 Scout Tower
09:14 Guard Tower
10:31 Scout Tower
10:40 Scout Tower
10:44 Scout Tower
10:48 Scout Tower
10:51 Guard Tower
10:57 Scout Tower
10:58 Scout Tower
11:04 Guard Tower
11:06 Town Hall
11:08 Scout Tower
11:09 Scout Tower
11:15 Guard Tower
11:22 Farm
11:47 Guard Tower
11:49 Scout Tower
12:03 Guard Tower
12:05 Scout Tower
12:07 Guard Tower
12:08 Scout Tower
12:14 Scout Tower
12:22 Guard Tower
12:24 Scout Tower
12:25 Scout Tower
12:29 Scout Tower
12:29 Scout Tower
12:51 Castle
12:51 Castle
12:52 Guard Tower
13:35 Arcane Sanctum
14:14 Scout Tower
16:25 Scout Tower
16:26 Scout Tower
16:28 Scout Tower
16:29 Scout Tower
16:32 Scout Tower
16:33 Scout Tower
16:36 Scout Tower
16:38 Scout Tower
16:40 Scout Tower
16:48 Guard Tower
16:49 Scout Tower
17:23 Guard Tower
17:51 Guard Tower
17:52 Scout Tower
17:54 Scout Tower
18:04 Scout Tower
18:05 Scout Tower
18:18 Scout Tower
18:25 Guard Tower
18:27 Scout Tower
18:32 Scout Tower
18:51 Guard Tower
18:53 Scout Tower
19:21 Guard Tower
19:22 Scout Tower
19:41 Scout Tower
19:42 Scout Tower
19:44 Guard Tower
19:46 Scout Tower
19:47 Scout Tower
19:48 Scout Tower
19:53 Guard Tower
19:55 Scout Tower
19:59 Scout Tower
20:01 Scout Tower
20:06 Scout Tower
20:24 Guard Tower
20:25 Scout Tower
20:27 Scout Tower
20:28 Guard Tower
20:29 Scout Tower
20:32 Guard Tower
20:35 Scout Tower
20:36 Scout Tower
20:40 Scout Tower
20:40 Scout Tower
20:42 Guard Tower
20:42 Guard Tower
20:46 Guard Tower
20:51 Scout Tower
20:53 Scout Tower
20:54 Scout Tower
20:55 Guard Tower
21:00 Scout Tower
21:02 Guard Tower
21:04 Scout Tower
21:06 Scout Tower
21:18 Scout Tower
21:19 Guard Tower
21:21 Guard Tower
21:22 Scout Tower
21:32 Blacksmith
21:35 Scout Tower
21:36 Guard Tower
21:39 Guard Tower
21:42 Town Hall
21:46 Scout Tower
22:10 Guard Tower
22:14 Scout Tower
22:14 Scout Tower
22:15 Guard Tower
22:20 Guard Tower
22:31 Scout Tower
23:29 Scout Tower
23:35 Scout Tower
23:44 Scout Tower
23:53 Workshop
23:57 Arcane Tower
24:09 Arcane Tower
24:10 Arcane Tower
24:10 Arcane Tower
24:16 Guard Tower
24:22 Scout Tower
24:22 Scout Tower
24:23 Scout Tower
24:23 Scout Tower
24:30 Scout Tower
24:31 Scout Tower
24:32 Scout Tower
24:33 Scout Tower
24:43 Scout Tower
25:03 Scout Tower
25:07 Cannon Tower
25:09 Scout Tower
25:12 Cannon Tower
25:16 Guard Tower
25:18 Scout Tower
25:29 Scout Tower
25:32 Scout Tower
25:34 Scout Tower
25:40 Guard Tower
25:44 Scout Tower
25:44 Scout Tower
25:48 Guard Tower
25:51 Scout Tower
25:53 Scout Tower
25:53 Scout Tower
26:11 Cannon Tower
26:12 Guard Tower
26:14 Scout Tower
26:18 Scout Tower
26:19 Scout Tower
26:20 Guard Tower
26:26 Town Hall
26:30 Cannon Tower
26:34 Scout Tower
27:06 Guard Tower
27:07 Scout Tower
27:08 Scout Tower
27:10 Scout Tower
27:11 Scout Tower
27:13 Scout Tower
27:14 Scout Tower
27:16 Scout Tower
27:18 Scout Tower
27:19 Scout Tower
27:20 Scout Tower
27:36 Cannon Tower
27:38 Scout Tower
27:39 Scout Tower
27:40 Scout Tower
27:42 Scout Tower
28:07 Guard Tower
28:10 Guard Tower
28:13 Scout Tower
28:14 Scout Tower
28:15 Scout Tower
28:39 Guard Tower
28:57 Guard Tower
28:59 Scout Tower
29:12 Guard Tower
29:31 Scout Tower
29:33 Scout Tower
29:36 Scout Tower
29:41 Guard Tower
29:44 Scout Tower
29:47 Guard Tower
29:49 Arcane Vault
29:55 Arcane Vault
29:59 Scout Tower
30:15 Scout Tower
30:16 Scout Tower
30:18 Guard Tower
30:20 Scout Tower
30:21 Scout Tower
30:24 Scout Tower
30:25 Scout Tower
30:27 Guard Tower
30:39 Scout Tower
31:12 Scout Tower
32:50 Guard Tower
32:51 Scout Tower
32:54 Guard Tower
32:56 Scout Tower
32:57 Scout Tower
32:57 Scout Tower
33:01 Scout Tower
33:03 Scout Tower
33:03 Scout Tower
33:06 Guard Tower
33:11 Scout Tower
33:12 Scout Tower
33:13 Scout Tower
33:21 Guard Tower
33:42 Guard Tower
34:01 Guard Tower
34:05 Scout Tower
34:07 Scout Tower
34:07 Scout Tower
34:09 Guard Tower
34:45 Guard Tower
34:55 Scout Tower
34:56 Scout Tower
34:58 Scout Tower
35:47 Guard Tower
35:50 Scout Tower
35:51 Scout Tower
35:54 Guard Tower
35:56 Scout Tower
36:01 Scout Tower
36:26 Guard Tower
36:29 Scout Tower
37:27 Guard Tower
37:30 Scout Tower
37:33 Scout Tower
37:35 Scout Tower
» items
| Boots of Speed | 2 | |
| Staff of Teleportation | 3 | |
| Scroll of Regeneration | 9 | |
| Potion of Healing | 5 | |
| Lesser Clarity Potion | 6 | |
| Staff of Sanctuary | 3 | |
| Scroll of Town Portal | 8 | |
| Orb of Lightning | 2 | |
| Orb of Venom | 1 | |
39 total
TIMG4STRok (
pink | 110 APM | 4382 actions | 39:57)
7 Warden
3 Shadow Strike
3 Blink
1 Spirit of Vengeance
6 Pandaren Brewmaster
3 Breath of Fire
2 Drunken Haze
1 Storm Earth and Fire
» actions
| Assign group hotkey | 11 | |
| Basic commands | 94 | |
| Build / train | 95 | |
| ESC pressed | 3 | |
| Enter build submenu | 25 | |
| Enter hero's abilities submenu | 13 | |
| Give item / drop item | 16 | |
| Right click | 2264 | |
| Select / deselect | 283 | |
| Select group hotkey | 1326 | |
| Use ability | 252 | |
4382 total
» units
| Wisp | 31 | |
| Druid of the Talon | 14 | |
45 total
» upgrades
| Ultravision | 1 | |
| Strength of the Wild | 3 | |
| Nature's Blessing | 1 | |
| Druid of the Talon Training | 2 | |
| Reinforced Hides | 3 | |
| Mark of the Talon | 1 | |
| Well Spring | 1 | |
12 total
» buildings
| Altar of Elders | 1 | |
| Moon Well | 11 | |
| Tree of Life | 5 | |
| Ancient of Wonders | 1 | |
| Tree of Ages | 1 | |
| Hunter's Hall | 1 | |
| Ancient of Wind | 2 | |
| Tree of Eternity | 1 | |
23 total
» build order
00:04 Altar of Elders
00:25 Moon Well
01:01 Moon Well
03:01 Tree of Life
04:30 Ancient of Wonders
05:31 Tree of Ages
06:08 Moon Well
06:25 Hunter's Hall
08:17 Moon Well
08:21 Ancient of Wind
10:40 Moon Well
10:41 Moon Well
10:49 Tree of Eternity
16:06 Tree of Life
29:29 Tree of Life
29:45 Moon Well
29:48 Moon Well
29:52 Moon Well
30:09 Ancient of Wind
33:08 Tree of Life
33:21 Tree of Life
33:30 Moon Well
37:26 Moon Well
» items
| Dust of Appearance | 1 | |
| Staff of Teleportation | 2 | |
| Boots of Speed | 2 | |
| Potion of Invisibility | 1 | |
| Staff of Preservation | 2 | |
| Orb of Venom | 3 | |
| Potion of Mana | 1 | |
| Scroll of Regeneration | 5 | |
| Lesser Clarity Potion | 1 | |
| Scroll of Town Portal | 1 | |
| Potion of Healing | 1 | |
20 total
team 2 (loser)
rims_22in (
orange | 79 APM | 3134 actions | 39:51)
5 Archmage
1 Summon Water Elemental
1 Brilliance Aura
3 Blizzard
4 Blood Mage
2 Flame Strike
1 Siphon Mana
1 Banish
3 Pit Lord
2 Rain of Fire
1 Cleaving Attack
» actions
| Assign group hotkey | 46 | |
| Basic commands | 144 | |
| Build / train | 108 | |
| ESC pressed | 1 | |
| Enter build submenu | 42 | |
| Enter hero's abilities submenu | 12 | |
| Give item / drop item | 9 | |
| Right click | 789 | |
| Select / deselect | 842 | |
| Select group hotkey | 944 | |
| Use ability | 197 | |
3134 total
» units
| Peasant | 24 | |
| Footman | 5 | |
| Siege Engine | 17 | |
| Priest | 3 | |
| Gryphon Rider | 3 | |
| Dragonhawk Rider | 3 | |
55 total
» upgrades
| Masonry | 3 | |
| Lumber Harvesting | 2 | |
| Gunpowder | 3 | |
| Plating | 3 | |
| Barrage | 1 | |
| Priest Training | 2 | |
| Cloud | 1 | |
| Storm Hammers | 1 | |
| Swords | 1 | |
| Magic Sentry | 1 | |
18 total
» buildings
| Altar of Kings | 1 | |
| Barracks | 1 | |
| Farm | 11 | |
| Scout Tower | 10 | |
| Arcane Tower | 4 | |
| Lumber Mill | 2 | |
| Arcane Vault | 1 | |
| Town Hall | 2 | |
| Guard Tower | 5 | |
| Keep | 1 | |
| Blacksmith | 1 | |
| Castle | 1 | |
| Workshop | 4 | |
| Arcane Sanctum | 1 | |
| Gryphon Aviary | 2 | |
47 total
» build order
00:05 Altar of Kings
00:19 Barracks
00:33 Farm
00:49 Farm
01:35 Scout Tower
01:52 Farm
02:04 Arcane Tower
02:45 Lumber Mill
03:35 Arcane Vault
04:05 Town Hall
04:09 Scout Tower
04:29 Scout Tower
05:01 Guard Tower
05:02 Keep
05:06 Arcane Tower
05:16 Farm
05:40 Scout Tower
05:50 Farm
05:54 Blacksmith
06:28 Scout Tower
06:31 Guard Tower
06:33 Farm
06:34 Farm
06:58 Guard Tower
07:31 Castle
07:54 Farm
08:46 Workshop
08:49 Workshop
09:15 Arcane Sanctum
10:30 Farm
10:33 Farm
10:36 Workshop
12:53 Scout Tower
14:59 Gryphon Aviary
15:02 Gryphon Aviary
15:36 Lumber Mill
16:46 Farm
17:34 Town Hall
17:51 Scout Tower
19:55 Scout Tower
19:56 Scout Tower
20:27 Guard Tower
21:58 Scout Tower
23:41 Guard Tower
25:05 Arcane Tower
28:18 Workshop
» items
| Scroll of Town Portal | 2 | |
| Staff of Sanctuary | 2 | |
| Potion of Healing | 1 | |
| Scroll of the Beast | 1 | |
| Potion of Lesser Invulnerability | 1 | |
| Scroll of Protection | 2 | |
9 total
rims_ataxia. (
teal | 63 APM | 2502 actions | 39:29)
6 Lich
3 Frost Nova
2 Frost Armor
1 Death and Decay
4 Death Knight
2 Death Coil
2 Unholy Aura
» actions
| Assign group hotkey | 46 | |
| Basic commands | 216 | |
| Build / train | 85 | |
| ESC pressed | 1 | |
| Enter build submenu | 20 | |
| Enter hero's abilities submenu | 11 | |
| Give item / drop item | 1 | |
| Right click | 675 | |
| Select / deselect | 523 | |
| Select group hotkey | 793 | |
| Use ability | 130 | |
2502 total
» units
| Acolyte | 5 | |
| Ghoul | 4 | |
| Crypt Fiend | 5 | |
| Obsidian Statue | 20 | |
| Frost Wyrm | 9 | |
43 total
» upgrades
| Destroyer Form | 1 | |
| Burrow | 1 | |
| Web | 1 | |
| Ghoul Frenzy | 1 | |
| Freezing Breath | 1 | |
| Creature Attack | 3 | |
| Creature Carapace | 4 | |
12 total
» buildings
| Crypt | 1 | |
| Graveyard | 1 | |
| Ziggurat | 10 | |
| Altar of Darkness | 2 | |
| Tomb of Relics | 1 | |
| Halls of the Dead | 1 | |
| Nerubian Tower | 1 | |
| Black Citadel | 1 | |
| Slaughterhouse | 1 | |
| Spirit Tower | 3 | |
| Sacrificial Pit | 1 | |
| Boneyard | 1 | |
24 total
» build order
00:11 Crypt
00:15 Graveyard
00:39 Ziggurat
01:00 Altar of Darkness
01:04 Altar of Darkness
01:52 Ziggurat
02:03 Tomb of Relics
03:28 Halls of the Dead
05:31 Ziggurat
05:34 Nerubian Tower
07:32 Black Citadel
07:45 Ziggurat
07:48 Ziggurat
08:20 Slaughterhouse
09:06 Ziggurat
09:09 Spirit Tower
11:18 Sacrificial Pit
11:36 Spirit Tower
12:24 Boneyard
12:56 Ziggurat
25:04 Ziggurat
25:06 Ziggurat
29:15 Ziggurat
29:57 Spirit Tower
» items
| Rod of Necromancy | 1 | |
| Dust of Appearance | 2 | |
| Boots of Speed | 1 | |
| Potion of Healing | 2 | |
| Scroll of Town Portal | 1 | |
| Orb of Corruption | 1 | |
| Potion of Lesser Invulnerability | 1 | |
9 total
rims_Dirty (
blue | 73 APM | 2908 actions | 39:57)
6 Pit Lord
3 Rain of Fire
2 Cleaving Attack
1 Doom
» actions
| Assign group hotkey | 48 | |
| Basic commands | 129 | |
| Build / train | 82 | |
| ESC pressed | 4 | |
| Enter build submenu | 31 | |
| Enter hero's abilities submenu | 7 | |
| Give item / drop item | 4 | |
| Right click | 833 | |
| Select / deselect | 693 | |
| Select group hotkey | 937 | |
| Use ability | 140 | |
2908 total
» units
| Peon | 11 | |
| Grunt | 5 | |
| Demolisher | 1 | |
| Troll Witch Doctor | 12 | |
| Tauren | 18 | |
47 total
» upgrades
| Armor | 2 | |
| Pulverize | 1 | |
| Witch Doctor Training | 2 | |
5 total
» buildings
| Barracks | 1 | |
| Orc Burrow | 10 | |
| Altar of Storms | 1 | |
| Voodoo Lounge | 1 | |
| Stronghold | 2 | |
| War Mill | 2 | |
| Fortress | 2 | |
| Spirit Lodge | 1 | |
| Tauren Totem | 2 | |
| Great Hall | 3 | |
| Watch Tower | 5 | |
30 total
» build order
00:05 Barracks
00:17 Orc Burrow
00:41 Altar of Storms
01:31 Orc Burrow
02:52 Orc Burrow
03:17 Voodoo Lounge
03:48 Stronghold
04:37 War Mill
04:48 War Mill
06:11 Fortress
06:26 Orc Burrow
06:28 Orc Burrow
08:29 Spirit Lodge
09:07 Tauren Totem
09:10 Tauren Totem
09:25 Orc Burrow
12:06 Orc Burrow
12:08 Orc Burrow
14:38 Orc Burrow
14:42 Orc Burrow
18:27 Great Hall
24:55 Stronghold
28:14 Fortress
33:11 Great Hall
34:48 Great Hall
35:54 Watch Tower
35:59 Watch Tower
36:03 Watch Tower
39:16 Watch Tower
39:18 Watch Tower
» items
| Circlet of Nobility | 1 | |
| Scroll of Regeneration | 1 | |
| Healing Salve | 4 | |
| Scroll of Town Portal | 3 | |
| Lesser Clarity Potion | 2 | |
| Scroll of Speed | 2 | |
| Talisman of Evasion | 1 | |
| Potion of Healing | 5 | |
19 total
Chat log
(09:00 / All) iggy_the_fisk: damn you suck
(09:00 / All) iggy_the_fisk: leave
(09:01 / All) iggy_the_fisk: shitnoobs
(24:35 / Allies) iggy_the_fisk: bear_and give lumber
(30:17 / All) rims_Dirty: Thanks
(30:33 / All) iggy_the_fisk: U boys noobs?
(36:14 / All) iggy_the_fisk: you boys a little nooby?
(37:24 / All) iggy_the_fisk: nope
(39:26 / All) iggy_the_fisk: Noob
(39:34 / All) TIMG4STRok: lmfao.
(39:50 / All) BEAR_AND: i add u all to friends
(39:53 / All) BEAR_AND: so i can own u more with words/